AoeStats
← timmy_turner

Arabian Desert

510638223Analyzed
1v1 RM · 2d ago on Oct 1, 2026· 34m 19s· 2 players
Game mode
Random Map
Map size
Tiny (2 player)
Population
200
Speed
Normal
Resources
Standard
Victory
Conquest
Starting age
Dark Age
Ending age
Imperial Age
RankedLock teamsTeams togetherTeam positionsShared explorationLock speedFull tech treeHidden civsTurbo modeCheats
Victory
Defeat
🇺🇸 Magyars · United States
1621
+14
🇦🇷 Byzantines · Argentina
1582
-14
Elfumador
6:02 Loom
9:51 Feudal Age
11:13 Double-Bit Axe
14:31 Fletching
26:20 Castle Age
24:46 Gold Mining
24:40 Horse Collar
25:57 Scale Barding Armor
26:59 Bodkin Arrow
26:26 Elite Skirmisher
timmy_turner
5:17 Loom
9:38 Feudal Age
10:30 Double-Bit Axe
10:12 Man-at-Arms
13:17 Fletching
13:46 Arson
23:26 Castle Age
21:35 Gold Mining
22:37 Bloodlines
22:34 Scale Barding Armor
24:36 Chain Barding Armor
25:18 Husbandry
25:57 Bodkin Arrow
28:15 Light Cavalry
29:37 Bow Saw
29:08 Horse Collar
30:26 Padded Archer Armor
30:41 Heavy Plow
33:07 Thumb Ring
Connection lost

Rejoining the realm…

Still unreachable

The connection could not be restored.

Session expired

The server has moved on; the page needs a fresh start.